 Dungeon Crawl Stone Soup version 0.17.0-24-gcfadda4 (webtiles) character file.

74 Sorcv the Sneak (level 4, -1/30 HPs)
             Began as a Mummy Enchanter on Nov 15, 2015.
             Slain by Natasha (8 damage)
             ... on level 2 of the Dungeon.
             The game lasted 00:03:19 (1063 turns).

Sorcv the Sneak (Mummy Enchanter)                   Turns: 1063, Time: 00:03:19

Health: -1/30      AC:  3    Str: 11    XL:     4   Next: 9%
Magic:  7/7        EV: 12    Int: 14    God:
Gold:   89         SH:  0    Dex: 13    Spells: 2 memorised, 4 levels left

rFire  x . .     SeeInvis .     a - +1 dagger
rCold  + . .     Clarity  .     b - +1 robe
rNeg   + + +     SustAt   .     (no shield)
rPois  ∞         Gourm    .     (no helmet)
rElec  .         Spirit   .     (no cloak)
rCorr  .         Warding  .     (no gloves)
rMut   .         Stasis   .     (no boots)
MR     .....                    (no amulet)
Stlth  +++.......               (no ring)
                                (no ring)

@: not resistant to hostile enchantments, fairly stealthy
A: no food or potions, fire vulnerability, cold resistance 1, negative energy
resistance 3, torment resistance, unbreathing
a: no special abilities


You were on level 2 of the Dungeon.
You were not hungry.

You visited 1 branch of the dungeon, and saw 2 of its levels.

You collected 89 gold pieces.

Inventory:

Hand Weapons
 a - a +1 dagger (weapon)
Armour
 b - a +1 robe (worn)
Scrolls
 d - a scroll of remove curse {unknown}
 e - a scroll of identify {unknown}
 f - a scroll of immolation {unknown}
 g - a scroll of magic mapping {unknown}
 h - a scroll of fear {unknown}
 i - a scroll of amnesia {unknown}
Books
 c - a book of Maledictions

   Spells                             Type                      Level
   a - Corona                         Hexes                        1
   b - Ensorcelled Hibernation        Hexes/Ice                    2
   c - Confuse                        Hexes                        3
   d - Tukima's Dance                 Hexes                        3
   e - Dazzling Spray                 Conjuration/Hexes            3


   Skills:
 - Level 0.7 Short Blades
 - Level 1.5 Dodging
 + Level 4.1 Stealth
 - Level 2.0 Spellcasting
 - Level 3.0 Hexes


You had 4 spell levels left.
You knew the following spells:

 Your Spells              Type           Power        Failure   Level  Hunger
a - Corona                Hex            #......      10%         1    N/A
b - Ensorcelled Hibernat  Hex/Ice        #.....       21%         2    N/A

Dungeon Overview and Level Annotations

Branches:
Dungeon (2/15)

Altars:
Fedhas

Annotations:
D:2 Natasha


Innate Abilities, Weirdness & Mutations

You do not eat or drink.
Your flesh is vulnerable to fire.
You are immune to poison.
Your flesh is cold resistant.
You are immune to negative energy.
You are immune to unholy pain and torment.
You can survive without breathing.


Message History

The giant cockroach is heavily wounded.
The giant cockroach barely misses you.
You hit the giant cockroach but do no damage.
The giant cockroach is heavily wounded.
The giant cockroach barely misses you.
You hit the giant cockroach.
You kill the giant cockroach!
You see here a giant cockroach corpse.
Natasha hisses angrily.
Natasha casts a spell.
Casting: Ensorcelled Hibernation
Confirm with . or Enter, or press ? or * to list all spells.
Okay, then.
Natasha hisses.
Natasha casts a spell at you. The magic dart hits you!
* * * LOW HITPOINT WARNING * * *
Unknown command.
Natasha claws you!
You die...

...........#........#......#.###
...........#...................#
..............#....##>...###.#...
.........#.#...........### #.# #
#####.####.# ##........#####.#
#...##.####...#..........##
#..>##.#.##.....#....###..###
##...##.....5h...##.#.........
#............@.........##...†>
##†..##....%.######.##...##.#.
#......†..#...# #..###.##...
####....#....###....##.###....#.
#............## ###............#
#.............# ###.####.#..
#######.......#########.# #...#
#..............##.######..
##.....#######............


You could see Natasha and a shadow imp.

Vanquished Creatures
  Natasha (twice) (D:2)
  2 oozes (D:1)
  A worm (D:2)
  3 giant cockroaches (D:2)
  4 goblins
  4 hobgoblins (D:2)
  4 jackals
  4 kobolds (D:2)
  A bat (D:2)
  A quokka (D:2)
  4 rats
30 creatures vanquished.

Notes
Turn   | Place    | Note
--------------------------------------------------------------
     0 | D:1      | Sorcv the Mummy Enchanter began the quest for the Orb.
     0 | D:1      | Reached XP level 1. HP: 13/13 MP: 3/3
    41 | D:1      | Reached XP level 2. HP: 7/19 MP: 1/5
    51 | D:1      | Learned a level 2 spell: Ensorcelled Hibernation
   303 | D:1      | Reached skill level 3 in Hexes
   720 | D:2      | Noticed Natasha
   724 | D:2      | Killed Natasha
   724 | D:2      | Reached XP level 3. HP: 24/24 MP: 6/6
   740 | D:2      | Noticed Natasha
   745 | D:2      | Killed Natasha
   801 | D:2      | Noticed Natasha
   878 | D:2      | Reached skill level 4 in Stealth
   894 | D:2      | Found a blossoming altar of Fedhas.
   954 | D:2      | Reached XP level 4. HP: 15/30 MP: 7/7
  1063 | D:2      | Slain by Natasha

Action                   |  1- 3 |  4- 6 || total
-------------------------+-------+-------++-------
Melee: Dagger            |    88 |    21 ||   109
 Cast: Corona            |     6 |       ||     6
       Ensorcelled Hiber |     3 |     2 ||     5
  Use: Scroll            |       |     1 ||     1
 Stab: Sleeping          |     7 |     1 ||     8
